 Dungeon Crawl Stone Soup version 0.31-a0-267-g3fc6992b3b (webtiles) character file.

Game seed: 786336744120261889

96 qw the Shooter (level 4, -1/36 HPs)
             Began as a Minotaur Hexslinger on July 14, 2023.
             Slain by a quasit (2 damage)
             ... summoned by Eustachio
             ... on level 4 of the Dungeon.
             The game lasted 00:00:52 (2222 turns).

qw the Shooter (Minotaur Hexslinger)                Turns: 2222, Time: 00:00:53

Health: -1/36      AC:  6    Str: 13      XL:     4   Next: 41%
Magic:  4/4        EV: 10    Int: 10      God:
Gold:   1258       SH:  0    Dex:  4 (14) Spells: 4/5 levels left

rFire   . . .        Y - +2 sling
rCold   . . .        (no shield)
rNeg    . . .        h - +0 ring mail
rPois   .            (helmet restricted)
rElec   .            (no cloak)
rCorr   .            l - +0 pair of gloves
SInv    .            (no boots)
Will    .....        (no amulet) Stlth
                     (no ring)
HPRegen 0.26/turn    (no ring)
MPRegen 0.09/turn

%: no passive effects
@: no status effects
A: horns 2, retaliatory headbutt
a: no special abilities


You were on level 4 of the Dungeon.
You visited 1 branch of the dungeon, and saw 4 of its levels.

You collected 1258 gold pieces.


Innate Abilities, Weirdness & Mutations

You have a pair of horns on your head.
You reflexively headbutt those who attack you in melee.


   Skills:
 - Level 2.0 Fighting
 + Level 4.6 Ranged Weapons
 - Level 1.5 Armour
 - Level 2.1 Dodging
 - Level 1.0 Spellcasting
 - Level 2.0 Hexes


You had 4 spell levels left.
You knew the following spells:

 Your Spells              Type           Power      Damage    Failure   Level
a - Slow                  Hex            16%        N/A       32%         1

Your spell library contained the following spells:

 Spells                   Type           Power      Damage    Failure   Level
 Inner Flame              Hex/Fire       2%         N/A       82%         3
 Portal Projectile        Hex/Tloc       4%         N/A       82%         3
 Cause Fear               Hex            2%         N/A       97%         4

Inventory:

Hand Weapons
 Y - a +2 sling (weapon)
Armour
 h - a +0 ring mail (worn)
 l - a +0 pair of gloves (worn)
Jewellery
 a - a ring of fire
Scrolls
 b - a scroll of revelation {unknown}
 c - a scroll of teleportation {unknown}
Potions
 e - a potion of might {unknown}
 f - a potion of brilliance {unknown}
 g - 2 potions of curing
 i - a potion of invisibility {unknown}
 j - a potion of haste {unknown}
 n - a potion of enlightenment

Dungeon Overview and Level Annotations

Branches:
Dungeon (4/15)
 Temple: D:4-7

Altars:

Shops:
D:1 =

Annotations:
D:4 Eustachio


Message History

The quasit closely misses you.
The quasit claws you but does no damage.
Eustachio casts a spell.
Eustachio blinks!
The quasit barely misses you. You furiously retaliate!
You headbutt the quasit!
The quasit claws you but does no damage. x2
You shoot a sling bullet.
The sling bullet barely misses the quasit.
The quasit barely misses you. The quasit closely misses you.
The quasit barely misses you.
Eustachio says, "Summoning is fun!"
Eustachio gestures wildly while chanting.
The quasit bites you but does no damage.
The quasit closely misses you. The quasit barely misses you.
The quasit bites you but does no damage.
The quasit claws you but does no damage. x2
Eustachio casts a spell.
You shoot a sling bullet.
The sling bullet hits the quasit but does no damage.
The quasit is severely wounded.
The quasit bites you but does no damage.
The quasit barely misses you.
The quasit claws you but does no damage.
The quasit bites you but does no damage.
The quasit claws you but does no damage.
The quasit closely misses you. The quasit barely misses you.
The quasit closely misses you. The quasit misses you. The quasit bites you.
You feel clumsy. The quasit claws you. x2
You shoot a sling bullet. The sling bullet hits the quasit.
The quasit is severely wounded.
The quasit bites you but does no damage.
The quasit claws you.
You feel clumsy.
The quasit claws you but does no damage.
The quasit closely misses you. You furiously retaliate!
You headbutt the quasit!
You kill the quasit!
The quasit disappears in a puff of smoke!
The quasit barely misses you. The quasit claws you.
You die...

###.##.##....#
#......##.####
#.#.......#
#.####.######
#...........
####.####.##..
#.......#.# .##
#.##......##5###
# #.##.#..@...#
#....####ยค#.#
###..#


rb@ #.(# ..... .... ...r..# #...# ......# ..... ......# ...... ......# You could
see Eustachio, a quasit (summoned), a bat (summoned) and 2 rats.

Vanquished Creatures
  3 adders (D:2)
  3 dart slugs
  4 orcs (D:3)
  5 ball pythons
  6 endoplasms
  3 giant cockroaches
  2 goblins
  5 hobgoblins
  4 jackals (D:2)
  A kobold (D:1)
  2 quokkas
  9 bats
  3 frilled lizards (D:1)
  6 rats
56 creatures vanquished.

Notes
Turn   | Place    | Note
-------+----------+-------------------------------------------
     0 | D:1      | qw the Minotaur Hexslinger began the quest for the Orb.
     0 | D:1      | Reached XP level 1. HP: 16/16 MP: 1/1
     0 | D:1      | 0 ||| qw: Version: 0.3-a-52-g30416fa
     0 | D:1      | 0 ||| qw: Game counter: 7815
     0 | D:1      | 0 ||| qw: Melee chars always use a shield: true
     0 | D:1      | 0 ||| qw: God list: Okawaru
     0 | D:1      | 0 ||| qw: Allow faded altars: false
     0 | D:1      | 0 ||| qw: Do Orc after clearing Dungeon:15 true
     0 | D:1      | 0 ||| qw: Do second Lair branch before Depths: true
     0 | D:1      | 0 ||| qw: Lair rune preference: random
     0 | D:1      | 0 ||| qw: Goals: Normal
     0 | D:1      | 0 ||| PLANNING D:1-11
    54 | D:1      | HP: 4/16 [kobold/+0 dagger (2)]
   259 | D:1      | Reached skill level 3 in Ranged Weapons
   259 | D:1      | Reached XP level 2. HP: 23/23 MP: 2/2
   447 | D:1      | Found Miytumeh's Jewellery Shop.
   456 | D:1      | 456 ||| SHOPLISTING amulet of faith (400 gold, have 38).
   456 | D:1      | 456 ||| SHOPLISTING amulet of reflection (300 gold, have
                  | 38).
   456 | D:1      | 456 ||| SHOPLISTING ring of ice (250 gold, have 38).
   645 | D:1      | 645 ||| UPGRADING to +0 leather armour.
   655 | D:1      | 655 ||| DROPPING +0 robe.
   656 | D:1      | 656 ||| UPGRADING to +0 ring mail.
   666 | D:1      | 666 ||| DROPPING +0 leather armour.
   667 | D:1      | 667 ||| UPGRADING to +0 pair of gloves.
   672 | D:1      | 672 ||| READING scroll labelled CAIMOTT YC NIF.
   673 | D:1      | 673 ||| READING scroll labelled NEONINAXTU.
   673 | D:1      | Identified a scroll of acquirement
   673 | D:1      | 673 ||| ACQUIRING 1136 gold pieces
   673 | D:1      | Acquired 1136 gold pieces
   675 | D:1      | 675 ||| DRINKING 2 fizzy black potions.
   676 | D:1      | 676 ||| DRINKING 2 clear potions.
   677 | D:1      | 677 ||| DROPPING scroll of poison.
   742 | D:2      | Reached XP level 3. HP: 16/29 MP: 3/3
   793 | D:2      | 793 ||| FLEEEEING.
   794 | D:2      | 794 ||| FLEEEEING.
   795 | D:2      | 795 ||| FLEEEEING.
   796 | D:2      | 796 ||| FLEEEEING.
   797 | D:2      | 797 ||| STAIRDANCE
  1081 | D:2      | Reached skill level 4 in Ranged Weapons
  1315 | D:2      | Reached skill level 1 in Armour
  1441 | D:3      | 1441 ||| STAIRDANCE
  1450 | D:2      | Reached XP level 4. HP: 25/36 MP: 4/4
  1493 | D:3      | 1493 ||| STAIRDANCE
  1572 | D:3      | 1572 ||| Stepping ~*~*~tactically~*~*~ (outnumbered).
  1574 | D:3      | 1574 ||| FLEEEEING.
  1575 | D:3      | 1575 ||| FLEEEEING.
  1578 | D:3      | 1578 ||| FLEEEEING.
  1579 | D:3      | 1579 ||| FLEEEEING.
  1617 | D:3      | Identified the +7 buckler of Words of Power {Drain rElec
                  | rN+}
  2103 | D:3      | 2103 ||| READING scroll labelled AVVILOENEWA.
  2205 | D:4      | Noticed Eustachio
  2218 | D:4      | HP: 8/36 [quasit[Eustachio] (2)]
  2221 | D:4      | HP: 3/36 [quasit[Eustachio] (1)]
  2222 | D:4      | HP: 1/36 [quasit[Eustachio] (1)]
  2222 | D:4      | Slain by a quasit

Levels and vault maps discovered:
D:1:      erik_arrival_cave_to_civilisation [erik_arrival_cave_to_hall],
          layout_basic, serial_shops, shop, st_stairs_10
D:2:      layout_loops_ring
D:3:      layout_loops_ring
D:4:      layout_loops_cross, st_stairs_1, minmay_misc_feat_hallway,
          minmay_misc_feat_encased, uniq_eustachio

Skill      XL: |  1  2  3 |
---------------+----------+-----
Ranged Weapons | 3 4 |  4.6
Fighting       | 2 |  2.0
Armour         | 1 |  1.5
Dodging        | |  2.1
Spellcasting   | |  1.0
Hexes          | |  2.0

Action                     |  1- 3 |  4- 6 || total
---------------------------+-------+-------++-------
   Fire: Sling             |   124 |    74 ||   198
    Use: Scroll            |     2 |     1 ||     3
         Potion            |     2 |       ||     2
 Armour: Robe              |     3 |       ||     3
         Ring mail         |    17 |    67 ||    84
  Dodge: Dodged            |    52 |    70 ||   122

Table legend:
 A = Non-vault XP
 B = Vault XP
 C = Vault XP percentage of total XP
 D = Non-vault monster count
 E = Vault monster count
 F = Vault count percentage of total count
                 A         B        C        D         E       F
            +---------+---------+-------+---------+---------+-------
      Total |     132 |       6 |   4.3 |      52 |       4 |   7.1
            +---------+---------+-------+---------+---------+-------
        D:1 |      27 |       6 |  18.2 |      15 |       4 |  21.1
        D:2 |      66 |       0 |   0.0 |      18 |       0 |   0.0
        D:3 |      36 |       0 |   0.0 |      17 |       0 |   0.0
        D:4 |       3 |       0 |   0.0 |       2 |       0 |   0.0
            +---------+---------+-------+---------+---------+-------
